 Dungeon Crawl Stone Soup version 0.28.0-53-g5a82cb258f (webtiles) character file.

Game seed: 11343149695574792844

769 Eitelfritz the Chopper (level 7, 0/61 HPs)
             Began as a Hill Orc Fighter on July 22, 2022.
             Slain by an adder (3 damage)
             ... on level 4 of the Dungeon.
             The game lasted 00:08:31 (3722 turns).

Eitelfritz the Chopper (Hill Orc Fighter)           Turns: 3722, Time: 00:08:31

Health: 0/61       AC: 13    Str: 24    XL:     7   Next: 82%
Magic:  7/7        EV:  8    Int: 12    God:
Gold:   156        SH:  4    Dex: 10    Spells: 6/6 levels left

rFire   . . .      SeeInvis .   a - +0 war axe
rCold   . . .      Faith    .   c - +0 buckler
rNeg    + . .      Spirit   .   p - +0 chain mail
rPois   .          Reflect  .   (no helmet)
rElec   .          Harm     .   s - +1 cloak
rCorr   .          Rampage  .   (no gloves)
Will    .....                   o - +0 pair of boots
Stlth   ..........              (no amulet)
HPRegen 0.20/turn               l - ring of Kiegybb {Wiz rN+ Str+3 Int+4}
MPRegen 0.10/turn               (no ring)

@: no status effects
A: no striking features
a: no special abilities


You were on level 4 of the Dungeon.
You visited 1 branch of the dungeon, and saw 4 of its levels.

You collected 156 gold pieces.

Inventory:

Hand Weapons
 a - a +0 war axe (weapon)
 b - a +0 hand crossbow
 q - a +2 mace of protection
Missiles
 e - 8 boomerangs (quivered)
 k - 9 poisoned darts
Armour
 c - a +0 buckler (worn)
 o - a +0 pair of boots (worn)
 p - a +0 chain mail (worn)
 s - a +1 cloak (worn)
 u - the +6 scale mail "Toothri" {rCorr Str+2}
   (You found it on level 4 of the Dungeon)

   Str:       It affects your strength (+2).
   rCorr:     It protects you from acid and corrosion.
Jewellery
 i - a ring of wizardry
 l - the ring of Kiegybb (left hand) {Wiz rN+ Str+3 Int+4}
   (You found it on level 2 of the Dungeon)

   [ring of wizardry]

   It improves your spell success rate.
   Str:       It affects your strength (+3).
   Int:       It affects your intelligence (+4).
   rN:        It protects you from negative energy.
Wands
 d - a wand of flame (13)
Scrolls
 f - 3 scrolls of identify {unknown}
 h - a scroll of blinking {unknown}
 j - a scroll of teleportation {unknown}
 m - a scroll of enchant weapon {unknown}
 n - 3 scrolls of fog {unknown}
 t - a scroll of brand weapon {unknown}


   Skills:
 + Level 5.4 Fighting
 + Level 7.3 Axes
 + Level 6.1 Armour
 + Level 0.7 Dodging
 + Level 0.6 Stealth
 + Level 4.2 Shields


You had 6 spell levels left.
You didn't know any spells.
Your spell library contained the following spells:

 Spells                   Type           Power      Damage    Failure   Level
 Ensorcelled Hibernation  Hex/Ice        0%         N/A       82%         2
 Passwall                 Tmut/Erth      0%         N/A       82%         2
 Gell's Gravitas          Tloc           0%         N/A       96%         3
 Lesser Beckoning         Tloc           0%         N/A       96%         3
 Swiftness                Air            0%         N/A       96%         3
 Teleport Other           Tloc           0%         N/A       96%         3


Dungeon Overview and Level Annotations

Branches:
Dungeon (4/15)             Temple (0/1) D:4

Altars:

Shops:
D:1 (

Portals:
Sewer: D:4


Message History

* * * LOW HITPOINT WARNING * * *
You closely miss the adder.
The adder is severely wounded.
You block the adder's attack.
You hit the adder.
The adder is severely wounded.
The adder bites you but does no damage. x2
You closely miss the adder.
The adder is severely wounded.
The adder bites you but does no damage.
You closely miss the adder.
The adder is severely wounded.
The adder barely misses you. You block the adder's attack.
You miss the adder.
The adder is severely wounded.
The adder bites you but does no damage.
You closely miss the adder.
The adder is severely wounded.
The adder bites you but does no damage. The adder bites you.
* * * LOW HITPOINT WARNING * * *
You are poisoned.
The adder poisons you!
The giant cockroach waves its antennae.
You hit the adder but do no damage.
The adder is severely wounded.
You feel sick. The adder bites you but does no damage.
You block the adder's attack.
You hit the adder but do no damage.
The adder is severely wounded.
You feel sick. The adder bites you but does no damage.
You closely miss the adder.
The adder is severely wounded.
You feel sick.
You are no longer poisoned.
The adder barely misses you. The adder bites you.
* * * LOW HITPOINT WARNING * * *
You barely miss the adder.
The adder is severely wounded.
The adder bites you.
You die...

.. #.#. # #... # ... ##
# .. #.. #.######.###.#
#..........#.#
#..#######.#.#
##+.#≈≈≈≈≈#.#.###.#
##...#≈≈∩≈BS@......#
##....#≈≈≈≈≈#†..#####
##.....#######.......#
###................###.#
..+.........+........#
###.........###....#.#
##.......## #.#.##.#
##...(<## #..... .
##...## ######. #


You could see an adder and a giant cockroach.

Vanquished Creatures
  Grinder (D:3)
  Menkaure (D:4)
  A black bear (D:4)
  A hound (D:4)
  Crazy Yiuf (D:3)
  An orc priest (D:3)
  An iguana (D:4)
  Ijyb (D:4)
  Terence (D:2)
  An orc wizard (D:3)
  Robin (D:3)
  5 adders
  An adder skeleton (D:4)
  2 worms
  2 dart slugs
  6 orcs (D:3)
  4 ball pythons
  9 endoplasms
  3 giant cockroaches
  12 goblins
  7 hobgoblins
  7 jackals (D:1)
  3 quokkas
  10 bats
  2 frilled lizards
  2 kobolds (D:1)
  5 rats
91 creatures vanquished.

Notes
Turn   | Place    | Note
-------+----------+-------------------------------------------
     0 | D:1      | Eitelfritz the Hill Orc Fighter began the quest for the
                  | Orb.
     0 | D:1      | Reached XP level 1. HP: 19/19 MP: 1/1
   135 | D:1      | Reached XP level 2. HP: 27/27 MP: 2/2
   168 | D:1      | Found a faded altar of an unknown god.
   260 | D:1      | Reached skill level 3 in Axes
   263 | D:1      | Reached XP level 3. HP: 25/33 MP: 3/3
   640 | D:1      | Found Iciumy's Antique Weapon Emporium.
  1183 | D:2      | Identified the ring of Kiegybb {Wiz rN+ Str+3 Int+4}
  1334 | D:2      | Reached XP level 4. HP: 38/40 MP: 4/4
  1379 | D:2      | Noticed Terence
  1387 | D:2      | Killed Terence
  1388 | D:2      | Reached skill level 4 in Axes
  1837 | D:3      | Reached XP level 5. HP: 29/47 MP: 5/5
  2244 | D:3      | Noticed Robin
  2245 | D:3      | Reached skill level 5 in Axes
  2266 | D:3      | Killed Robin
  2908 | D:3      | Noticed Grinder
  2923 | D:3      | Paralysed by Grinder for 7 turns
  2933 | D:3      | Killed Grinder
  2934 | D:3      | Reached skill level 5 in Fighting
  2934 | D:3      | Reached skill level 6 in Axes
  2934 | D:3      | Reached XP level 6. HP: 32/56 MP: 6/6
  3132 | D:3      | Found a runed translucent door.
  3133 | D:3      | Noticed Crazy Yiuf
  3143 | D:3      | Killed Crazy Yiuf
  3144 | D:3      | Reached skill level 5 in Armour
  3332 | D:4      | Noticed a black bear
  3343 | D:4      | Killed a black bear
  3344 | D:4      | Reached XP level 7. HP: 31/61 MP: 7/7
  3359 | D:4      | Noticed Ijyb
  3369 | D:4      | Killed Ijyb
  3526 | D:4      | Identified the +6 scale mail "Toothri" {rCorr Str+2}
  3599 | D:4      | Found a staircase to the Ecumenical Temple.
  3628 | D:4      | Found a glowing drain.
  3637 | D:4      | Noticed Menkaure
  3649 | D:4      | Killed Menkaure
  3650 | D:4      | Reached skill level 7 in Axes
  3698 | D:4      | HP: 3/61 [poisoned by an adder]
  3721 | D:4      | HP: 3/61 [adder (1)]
  3722 | D:4      | Slain by an adder

Illustrated notes

Levels and vault maps discovered:
D:1:      dpeg_arrival_snail, layout_loops_ring, serial_shops, shop,
          basic_ecumenical_altar, minmay_tetromino_i2
D:2:      layout_basic, serial_glass, glass_columns_b, glass_columns_b,
          glass_columns_a, glass_columns_a, item_on_display_a,
          minmay_misc_feat_plants, nicolae_elevator_lobby_asterisk, uniq_terence
D:3:      layout_loops_ring, minmay_misc_feat_iff, columned_hall_lemuel,
          kennysheep_generic_room_7, uniq_crazy_yiuf_cottage, uniq_grinder,
          uniq_robin
D:4:      layout_loops_corners, minmay_temple_entry_gardened_gates,
          gup_sewer_entry_glass, uniq_ijyb, uniq_menkaure

Skill      XL: |  1  2  3  4  5  6  7 |
---------------+----------------------+-----
Fighting       | 4 5 |  5.4
Axes           | 3 4 6 7 |  7.3
Armour         | 4 5 6 |  6.1
Shields        | 4 |  4.2
Dodging        | |  0.7
Stealth        | |  0.6

Action                   |  1- 3 |  4- 6 |  7- 9 || total
-------------------------+-------+-------+-------++-------
Melee: War axe           |   115 |   112 |    70 ||   297
  Use: Potion            |       |     2 |     2 ||     4
Armor: Scale mail        |    72 |    10 |       ||    82
       Chain mail        |       |    71 |    35 ||   106
Dodge: Dodged            |    60 |    46 |    20 ||   126
Block: Buckler           |    28 |    22 |    12 ||    62
